Cogmind - Beta 9.4 @@@ ROGUE MODE // 2020.03.22 @ 23:26:00 Player: Trione Result: Destroyed by L-31 Rogue with Katana Performance ------------- Evolutions (0) 0 Regions Visited (4) 800 Robots Destroyed (43) 215 Value Destroyed (1062) 1062 Prototype IDs (0) 0 Alien Tech Used (0) 0 Bonus (7) 7 TOTAL SCORE: 2084 Bonus ------- Follower Combat Kills 7 Cogmind --------- Core Integrity 0/250 Matter 180/300 Energy 250/250 System Corruption 0% Temperature Cool (30) Movement Treading (180) Ox1 Location -9/Mines Parts ------- > --- POWER (1) -------- Ion Engine > --- PROPULSION (2) --- Light Treads Light Treads > --- UTILITY (2) ------ Large Storage Unit High-capacity Storage Unit > --- WEAPON (2) ------- Light Cannon Bore Cannon > --- INVENTORY (18) --- Light Nuclear Core Light Nuclear Core Wheel Wheel Large Storage Unit High-capacity Matter Pod (190) Hardened Light Armor Plating Hardened Light Armor Plating EM Pulse Gun Beamcaster Light Cannon Light Cannon Grenade Launcher Mining Claw Signal Generator Peak State ------------ > --- POWER ------------ Ion Engine > --- PROPULSION ------- Wheel Wheel > --- UTILITY ---------- Large Storage Unit High-capacity Storage Unit > --- WEAPON ----------- Heavy Assault Rifle Bore Cannon > --- INVENTORY -------- Light Nuclear Core Light Nuclear Core Light Treads Light Treads Wheel Large Storage Unit High-capacity Matter Pod Hardened Light Armor Plating Hardened Light Armor Plating EM Pulse Gun Beamcaster Light Cannon Light Cannon Light Cannon Grenade Launcher Grenade Launcher Mining Claw Signal Generator [Rating: 15] Favorites ----------- Power Ion Engine Engine Ion Engine Propulsion Wheel Treads Light Treads Wheel Wheel Utility Large Storage Unit Storage Large Storage Unit Protection Hardened Light Armor Plating Weapon Light Cannon Energy Cannon Beam Cannon Ballistic Gun Heavy Assault Rifle Ballistic Cannon Light Cannon Launcher Grenade Launcher Slashing Weapon Mining Claw Build | -11 -10 -10 -10 -9 ------- Run | Scr Mat Min Exi Min Slots Evolved . | . . . . . Power . | . . . . . Propulsion . | . . . . . Utility . | . . . . . Weapon . | . . . . . Parts Attached 67 | 6 37 11 1 12 Power 2 | 1 1 . . . Engine 2 | 1 1 . . . Core . | . . . . . Reactor . | . . . . . Propulsion 37 | 2 29 4 . 2 Treads 18 | . 14 2 . 2 Leg . | . . . . . Wheel 19 | 2 15 2 . . Hover . | . . . . . Flight . | . . . . . Utility 6 | 1 3 1 1 . Device . | . . . . . Storage 4 | 1 1 1 1 . Processor . | . . . . . Hackware . | . . . . . Protection 2 | . 2 . . . Artifact . | . . . . . Weapon 22 | 2 4 6 . 10 Energy Gun . | . . . . . Energy Cannon 1 | . 1 . . . Ballistic Gun 4 | 2 1 1 . . Ballistic Cannon 8 | . 2 2 . 4 Launcher 7 | . . 3 . 4 Special Weapon . | . . . . . Impact Weapon . | . . . . . Slashing Weapon 2 | . . . . 2 Piercing Weapon . | . . . . . Special Melee Weapon . | . . . . . Unidentified Prototypes . | . . . . . Parts Lost 6 | . 2 1 . 3 Power 1 | . 1 . . . Propulsion 2 | . . 1 . 1 Utility . | . . . . . Weapon 3 | . 1 . . 2 Highest Loss Streak 2 | . 1 1 . 2 Average Slot Usage (%) 99 | . 98 100 100 100 Engine 13 | . 13 14 14 14 Treads 3 | . 5 1 . 18 Wheel 24 | . 22 26 28 10 Storage 21 | . 14 24 28 28 Protection 6 | . 13 3 . . Energy Cannon 1 | . 3 . . . Ballistic Gun 9 | . 16 1 14 6 Ballistic Cannon 16 | . 7 26 14 10 Naked Turns . | . . . . . Heaviest Build 64 | 11 32 43 59 64 Greatest Support 40 | 26 40 40 20 40 Greatest Overweight (x) 4 | . 1 4 2 2 Average Overweight (x) 1 | . . 1 2 1 Largest Inventory Capacity 18 | 6 10 16 18 18 Average Capacity 12 | 5 7 14 16 18 Most Carried 18 | 4 10 16 18 18 Average Carried 10 | 2 6 11 16 16 Final Capacity 18 | 6 10 16 18 18 Final Carried 18 | 4 10 16 18 15 Class Distribution -------------------- 100% | Mutant Dominant Class ---------------- Mutant | -10/Materials Mutant | -10/Mines Mutant | -10/Exiles Mutant | -9/Mines Resources | -11 -10 -10 -10 -9 ----------- Run | Scr Mat Min Exi Min Matter Collected 1562 | 302 757 357 10 136 Remotely . | . . . . . Salvage Created 1165 | 74 663 277 . 151 Parts 75 | . 36 31 . 8 Haulers Intercepted 2 | . 2 . . . Recyclers Shooed 1 | . 1 . . . Parts Field Recycled . | . . . . . Retrieved Matter . | . . . . . Parts Self-Destructed . | . . . . . Prevented . | . . . . . Kills | -11 -10 -10 -10 -9 ------- Run | Scr Mat Min Exi Min Combat Hostiles Destroyed 34 | . 15 13 . 6 Guns 12 | . 12 . . . Cannons 10 | . 3 7 . . AOE 12 | . . 6 . 6 Classes Destroyed 8 | 1 4 3 . . Worker 1 | . . 1 . . Tunneler 1 | . . 1 . . Hauler 2 | . 2 . . . Recycler 2 | 1 . . . 1 Mechanic 1 | . . 1 . . Operator 2 | . 2 . . . Swarmer 11 | . 3 5 . 3 Grunt 23 | . 12 8 . 3 Best Kill Streak 5 | 1 5 5 . 4 Combat Bots Only 4 | . 4 4 . 3 Max Kills in Single Turn 4 | 1 1 4 . 2 Gunslinging . | . . . . . Exploded 3 | . . 3 . 2 Melee . | . . . . . Uniques/NPCs Destroyed . | . . . . . Combat | -11 -10 -10 -10 -9 -------- Run | Scr Mat Min Exi Min Damage Taken 1712 | . 1025 320 . 367 Core 270 | . 137 38 . 95 Absorbed by Shields . | . . . . . Core Remaining (%) 100 | 100 . . . . Volleys Fired 118 | 7 68 30 . 13 Largest 2 | 2 2 2 . 2 Hottest 92 | 40 83 70 . 92 Shots Fired 223 | 14 129 59 . 21 Gun 116 | 14 95 2 . 5 Cannon 95 | . 34 54 . 7 Launcher 12 | . . 3 . 9 Special . | . . . . . Kinetic 205 | 14 123 56 . 12 Thermal 6 | . 6 . . . Explosive 12 | . . 3 . 9 Electromagnetic . | . . . . . Robot Hit Streak 7 | 7 7 5 . 6 Robot Miss Streak 5 | 2 5 3 . 3 Penetration Max . | . . . . . Secondary Targets . | . . . . . Shots Hit Robots 130 | 10 77 33 . 10 Core Hits 67 | 2 30 21 . 14 Critical Hits 1 | . 1 . . . Critical Kills . | . . . . . Critical Parts Destroyed 1 | . 1 . . . Melee Attacks 4 | . . . . 4 Impact . | . . . . . Slashing 4 | . . . . 4 Piercing . | . . . . . Sneak Attacks . | . . . . . Combat Hostiles . | . . . . . Follow-up Attacks . | . . . . . Damage Inflicted 2863 | 119 1121 968 . 655 Guns 1081 | 119 891 12 . 59 Cannons 801 | . 230 524 . 47 Explosions 981 | . . 432 . 549 Melee . | . . . . . Ramming . | . . . . . Kinetic 1847 | 119 1086 536 . 106 Thermal 35 | . 35 . . . Explosive 981 | . . 432 . 549 Electromagnetic . | . . . . . Impact . | . . . . . Slashing . | . . . . . Piercing . | . . . . . Highest Corruption . | . . . . . Average Corruption . | . . . . . Corruption Purged . | . . . . . Overload Shots . | . . . . . Overflow Damage 48 | . . 22 . 26 Projectiles 22 | . . 22 . . Explosions 26 | . . . . 26 Melee . | . . . . . Knockbacks 13 | . 1 12 . . Impact . | . . . . . Kinetic 13 | . 1 12 . . Secondary . | . . . . . Self-Inflicted Damage 41 | . . 19 . 22 Shots 2 | . . 1 . 1 Rammed . | . . . . . Targets Rammed . | . . . . . Kicked . | . . . . . Crushed . | . . . . . Highest Temperature 264 | 6 264 108 . 150 Average Temperature 53 | 6 63 25 . 73 Received Heat Transfer 726 | . 474 129 . 123 Siege Activations . | . . . . . Robots Corrupted . | . . . . . Combat Hostiles . | . . . . . Parts Fried . | . . . . . Impact Corruptions . | . . . . . Robots Melted . | . . . . . Combat Hostiles . | . . . . . Parts Melted . | . . . . . Heat Transferred 74 | . 74 . . . Parts Sabotaged . | . . . . . Parts Stolen . | . . . . . Parts Stripped . | . . . . . Power Chain Reactions . | . . . . . Missiles Intercepted . | . . . . . Alert | -11 -10 -10 -10 -9 ------- Run | Scr Mat Min Exi Min Peak Influence 365 | 5 365 147 . 135 Average Influence 112 | . 160 79 . 60 Maximum Alert Level 1 | . 1 . . . Low Security (%) 94 | 100 88 100 . 100 Level 1 5 | . 11 . . . Level 2 . | . . . . . Level 3 . | . . . . . Level 4 . | . . . . . Level 5 . | . . . . . High Security . | . . . . . Max Security . | . . . . . Squads Dispatched 3 | . 2 1 . . Investigation . | . . . . . Extermination . | . . . . . Reinforcement 2 | . 2 . . . Assault 1 | . . 1 . . Garrison . | . . . . . Intercept . | . . . . . Construction Impeded . | . . . . . Haulers Reinforced . | . . . . . Stealth | -11 -10 -10 -10 -9 --------- Run | Scr Mat Min Exi Min Distress Signals 2 | . 2 . . . Communications Jammed . | . . . . . Distress Signals . | . . . . . Times Spotted 55 | . 32 14 . 9 Peak Tracking Total 4 | . 4 4 . 3 Tactical Retreats 1 | . 1 . . . Traps | -11 -10 -10 -10 -9 ------- Run | Scr Mat Min Exi Min Traps Triggered 2 | . 2 . . . Indirectly . | . . . . . Trap Hack Attempts . | . . . . . Triggered . | . . . . . Disarmed . | . . . . . Reprogrammed . | . . . . . Reused . | . . . . . Traps Extracted . | . . . . . Installed . | . . . . . Triggered . | . . . . . Machines | -11 -10 -10 -10 -9 ---------- Run | Scr Mat Min Exi Min Machines Disabled 2 | . 2 . . . Max in Single Turn 1 | . 1 . . . Machines Sabotaged . | . . . . . Garrisons Compromised . | . . . . . Overloaded Fab Kills . | . . . . . Fab Network Shutdowns . | . . . . . Hacking | -11 -10 -10 -10 -9 --------- Run | Scr Mat Min Exi Min Machines Accessed 9 | . 8 . 1 . Terminals 6 | . 6 . . . Fabricators . | . . . . . Repair Stations 1 | . 1 . . . Recycling Units 1 | . 1 . . . Scanalyzers . | . . . . . Garrison Access . | . . . . . Total Hacks 16 | . 15 . 1 . Successful 10 | . 9 . 1 . Failed 6 | . 6 . . . Catastrophic . | . . . . . Database Lockouts . | . . . . . Manual 13 | . 13 . . . Terminals 12 | . 12 . . . Fabricators . | . . . . . Repair Stations 2 | . 2 . . . Recycling Units 1 | . 1 . . . Scanalyzers . | . . . . . Garrison Access . | . . . . . Terminal Hacks 2 | . 1 . 1 . Record 1 | . . . 1 . Zone Layout 1 | . 1 . . . Fabricator Hacks . | . . . . . Repair Station Hacks 2 | . 2 . . . Scan Component 1 | . 1 . . . Repair 1 | . 1 . . . Recycling Unit Hacks 1 | . 1 . . . Retrieve Components 1 | . 1 . . . Scanalyzer . | . . . . . Garrison Access Hacks . | . . . . . Unauthorized Hacks 14 | . 14 . . . Terminals 5 | . 5 . . . Track 2 | . 2 . . . Botnet 3 | . 3 . . . Fabricators . | . . . . . Repair Stations . | . . . . . Recycling Units . | . . . . . Scanalyzers . | . . . . . Garrison Access . | . . . . . Data Cores Recovered 1 | . 1 . . . Used . | . . . . . Hacking Detections 6 | . 6 . . . Full Trace Events 1 | . 1 . . . Feedback Events . | . . . . . Feedback Blocked . | . . . . . Robot Schematics Acquired . | . . . . . Robots Built . | . . . . . Matter . | . . . . . Time . | . . . . . Total Robot Build Rating . | . . . . . Part Schematics Acquired . | . . . . . Parts Built . | . . . . . Matter . | . . . . . Time . | . . . . . Total Part Build Rating . | . . . . . Parts Repaired 1 | . 1 . . . Time 26 | . 26 . . . Parts Recycled . | . . . . . Recycled Matter . | . . . . . Retrieved Matter . | . . . . . Retrieved Components 9 | . 9 . . . Parts Scanalyzed . | . . . . . Part Schematics Acquired . | . . . . . Parts Damaged . | . . . . . Bothacking | -11 -10 -10 -10 -9 ------------ Run | Scr Mat Min Exi Min Used RIF Installer . | . . . . . Robots Hacked . | . . . . . Non-combat . | . . . . . Combat . | . . . . . Robot Hacks Applied . | . . . . . Relay Couplers Released . | . . . . . Robots Rewired . | . . . . . Allies Hacked . | . . . . . Hacks Repelled . | . . . . . Allies | -11 -10 -10 -10 -9 -------- Run | Scr Mat Min Exi Min Total Allies 1 | . . 1 . . Largest Group 1 | . . 1 . . Highest-Rated Group 31 | . . 31 . . Highest-Rated Ally 31 | . . 31 . . Total Orders . | . . . . . Ally Attacks 6 | . . 6 . . Total Damage 41 | . . 41 . . Kills 1 | . . 1 . . Allies Corrupted . | . . . . . Allies Melted . | . . . . . Intel | -11 -10 -10 -10 -9 ------- Run | Scr Mat Min Exi Min Robot Analysis Total . | . . . . . Derelict Logs Recovered 3 | . . 1 . 2 Drone Launches . | . . . . . Drone Recoveries . | . . . . . Exploration | -11 -10 -10 -10 -9 ------------- Run | Scr Mat Min Exi Min Turns Passed 2703 | 69 1058 1015 350 211 Spaces Moved 2170 | 40 803 880 339 108 Core 2 | 2 . . . . Treads 64 | . 13 1 . 50 Legs . | . . . . . Wheels 2104 | 38 790 879 339 58 Hover . | . . . . . Flight . | . . . . . Fastest Speed 50 | 50 90 90 100 100 Average Speed 97 | 87 92 98 100 137 Slowest Speed 180 | 90 160 180 100 180 Overloaded Moves . | . . . . . Propulsion Burnouts . | . . . . . Robots Hopped . | . . . . . Cave-ins Triggered . | . . . . . Exploration Rate (%) 58 | 4 92 98 70 28 Regions Visited 4 Branch Regions 3 Pre-discovered Areas 1 | . . . . 1 Known Exits Taken . | . . . . . Unknown Exits Taken 4 | 1 1 1 1 . Scrap Searched 4 | . . 4 . . Spaces Dug 10 | . . 8 . 2 Terrain Destroyed 82 | . . 24 . 58 Melee 2 | . . . . 2 Projectile 6 | . . . . 6 AOE 74 | . . 24 . 50 Actions | -11 -10 -10 -10 -9 --------- Run | Scr Mat Min Exi Min Total 2495 | 56 979 969 354 137 Wait 93 | . 53 40 . . Move 2166 | 39 802 879 338 108 Hop . | . . . . . Pick Up 32 | 4 12 8 8 . Fast Attach 9 | 6 3 . . . Attach 6 | . 2 1 . 3 Detach . | . . . . . Swap 52 | . 32 10 1 9 Drop 15 | . 7 1 7 . Fire 118 | 7 68 30 . 13 Melee 4 | . . . . 4 Ram . | . . . . . Kick . | . . . . . Crush . | . . . . . Escape Stasis . | . . . . . Rewire . | . . . . . Trap . | . . . . . Miscellaneous . | . . . . . Route ------- -11/Scrapyard -10/Materials (discovered 5 exits: [*Mat x3] / [*Min x2]) -10/Mines (discovered 3 exits: [*Mat x2] / *Exi) -10/Exiles -9/Mines (discovered 1 exit: *Mat) History --------- Turn | Location | Event 23 | -11/Scrapyard | Discovered new exit (range 16) 70 | -11/Scrapyard | Entered Materials 259 | -10/Materials | Discovered new exit (range 6) 311 | -10/Materials | Build established: Mutant 460 | -10/Materials | Discovered new exit (range 3) 604 | -10/Materials | Discovered new exit (range 9) 606 | -10/Materials | Discovered new exit (range 16) 750 | -10/Materials | Discovered new exit (range 16) 810 | -10/Materials | Repaired Lgt. Treads 877 | -10/Materials | Core integrity fell below 50% 1128 | -10/Materials | Entered Mines 1260 | -10/Mines | Discovered new exit (range 8) 1275 | -10/Mines | Met a Derelict bent on vengeance 1350 | -10/Mines | Discovered new exit (range 10) 1374 | -10/Mines | Met a Derelict testing a Signal Generator 1379 | -10/Mines | Found Signal Generator 1607 | -10/Mines | Learned Materials trap positions 2131 | -10/Mines | A weapon hastily lodged in a ceiling crevice suddenly fell to the ground 2138 | -10/Mines | Deemed a non-threat by the Exiles lab entrance 2139 | -10/Mines | Discovered new exit (range 5) 2143 | -10/Mines | Entered Exiles 2143 | -10/Exiles | Found Exiles lab abandoned 2481 | -10/Exiles | Discovered new exit (range 14) 2493 | -10/Exiles | Entered Mines 2496 | -9/Mines | Learned location of Zion (-6) 2497 | -9/Mines | Identified exit to Materials 2584 | -9/Mines | Core integrity fell below 20% 2704 | -9/Mines | Destroyed by L-31 Rogue with Katana Last Messages --------------- 02640_ R-06 Scavenger collects Welding Torch. 02641_ K-01 Serf collects debris. 02641_ U-05 Engineer lays Concrete. 02642_ Acquired 81 matter. 02642_ U-05 Engineer lays Concrete. 02647_ K-01 Serf collects debris. 02647_ U-05 Engineer lays Concrete. 02649_ K-01 Serf collects debris. 02650_ U-05 Engineer lays Concrete. 02651_ Acquired 31 matter. 02651_ U-05 Engineer lays Concrete. 02652_ K-01 Serf collects debris. 02653_ U-05 Engineer lays Concrete. 02656_ K-01 Serf collects debris. 02657_ U-05 Engineer lays Concrete. 02657_ K-01 Serf collects debris. 02658_ U-05 Engineer lays Concrete. 02661_ K-01 Serf collects debris. 02701_ HV Slug penetrates L-31 Rogue. 02701_ HV Slug penetrates Wall. Map ----- +----------------------------------------------------+ | ??????????????# #????????????????????????????? | | ??????????????# #????????????????????????????? | | ??????????????# #????????????????????????????? | | ??????????????# #????????????????????????????? | | ??????????????# #????????????????????????????? | | ??????????????### ###?####???????????????????????? | | ?????????######## #?### ##??????????????????????? | | ?????????# ### #??????????????????????? | | ?????????# #??????????????????????? | | ?????????# ######## #??????????????????????? | | ??????? ?????????## #??????????????????????? | | ???? ?????????????## #??????????????????????? | | ??? ?????????????????# #??????????????????????? | | ?????????????????????# ##?????????????????????? | | ??????????############ ####??????????????????? | | ??????????# ##?????????????????? | | ??????????# % ####????###???????? | | ??????????# ########## #??## ##??????? | | ??????????# #????????#### ##### #??????? | | ??????????# #???????????## ## ## #??????# | | ??????????# #????????????## # ## #?????? | | ??????????# #?????????????## ## #????? | | ?#!! ##### #?????????????### ##### | | ?# ##????????????### ! | | ??# !####### ; ####### | | ???????????## ## < ggl@## * ### #?? | | ?????????????### #### ## [ ##????? | | ????????????????????????# ### # #????? | | ????????????????????????# #?######## ##????? | | ????????????????????????# #????????# ##?????? | | ????????????????????????# #????????# #?????? | | ????????????????????????# #???????#### ##?????? | | ????????????????????????# #???????# #??????? | | ??????????????????????### ######### #??????? | | ??????????????????????# # # ##??????? | | ??????????????????????# #####???????? | | ??????????????????????# ####### #???????????? | | ??????????????????????# ??????# #???????????? | | ?????????????????????# ??????# #???????????? | | ????????????????????# ??????# #???????????? | | ????????????????????# ??????## #??????????? | | ????????????????????# ???????# #??????????? | | ????????????????????# ???????# #??????????? | | ???????????????????? ???????## ##??????????? | | ???????????????????? ????????? ##???????????? | | ??????????????????? #?????????# #????????????? | | ??????????????????? ##??????????# #????????????? | | ?????????????????????????????????# #????????????? | | ?????????????????????????????????? #????????????? | | ?????????????????????????????????? ????????????? | +----------------------------------------------------+ Best States ------------- Heat Dissipation 25 Energy Generation 10 Energy Capacity 250 Matter Stores 300 Matter Capacity 300 Sight Range 16 Terrain Scan Density 10 Armor Coverage 150 Evasion (%) 42 Recoil Reduction 2 Item Schematics ----------------- None Robot Schematics ------------------ None Fabricated ------------ Nothing Alien Tech Used ----------------- None Achievements -------------- None Challenges ------------ None Game ------ Seed SupersonicFlyingShield Manual? 0 Play Time 00:50:20 Cumulative 976.0 hours Start 2020.03.21 @ 03:39:26 End 2020.03.22 @ 23:26:00 Sessions 1 Manual Loads 0 Difficulty Rogue Special Mode None Game No. 370 Rogue 370 Adventurer 0 Explorer 0 Win Type - Total 24 Types 13/1/7/0/0/0/3 Lore% 96 Gallery% 97 Achievement% 83 Wizard Run 0 Options --------- ASCII 0 Keyboard 0 Movement Vi Keybinds 0 Fullscreen 0 Font 12/Crisp Map View 76x50 Tactical HUD 1 Map Filters NONE Filters NONE Steam 1 RUN: e538958e-9568-44ef-848e-1e9d9c0296f4